 Dungeon Crawl Stone Soup version 0.31-a0-339-gda1cbd555d (webtiles) character file.

Game seed: 3315977070920168014

539 drugrobin the Cudgeller (level 6, -1/50 HPs)
             Began as a Demigod Delver on July 20, 2023.
             Slain by a sky beast (5 damage)
             ... on level 5 of the Dungeon.
             The game lasted 00:13:11 (5496 turns).

drugrobin the Cudgeller (Demigod Delver)            Turns: 5496, Time: 00:13:12

Health: -1/50      AC:  8    Str: 21    XL:     6   Next: 75%
Magic:  8/8        EV:  8    Int: 18    God:
Gold:   380        SH:  0    Dex: 15    Spells: 5/5 levels left

rFire   . . .        a - +0 flail
rCold   . . .        (no shield)
rNeg    . . .        H - +0 chain mail
rPois   .            (no helmet)
rElec   .            (no cloak)
rCorr   .            (no gloves)
SInv    .            (no boots)
Will    .....        (no amulet) Stlth
                     w - +6 ring of intelligence
HPRegen 0.28/turn    (no ring)
MPRegen 0.11/turn

%: no passive effects
@: hasted, very quick
A: high MP 1, forlorn, divine attributes
a: no special abilities


You were on level 5 of the Dungeon.
You visited 1 branch of the dungeon, and saw 6 of its levels.

You collected 380 gold pieces.

Inventory:

Hand Weapons
 a - a +0 flail (weapon)
 b - a +0 whip
 n - a +0 sling
 v - a +0 mace
 G - a +0 hand axe of electrocution
Missiles
 k - 2 boomerangs
 l - 3 boomerangs of dispersal
 D - 3 silver boomerangs (quivered)
 K - 3 poisoned darts
 L - 2 silver javelins
Armour
 j - a +0 leather armour
 q - a +0 ring mail
 H - a +0 chain mail (worn)
Jewellery
 w - a +6 ring of intelligence (left hand)
 I - a ring of ice
Wands
 g - a wand of digging (2)
 J - a wand of roots (10)
Scrolls
 c - a scroll of fog
 d - 2 scrolls of revelation
 f - 2 scrolls of noise {unknown}
 o - 2 scrolls of amnesia {unknown}
 r - a scroll of identify {unknown}
 t - 2 scrolls of blinking {unknown}
 u - a scroll of vulnerability {unknown}
 y - 2 scrolls of poison {unknown}
 A - a scroll of brand weapon {unknown}
 E - a scroll of acquirement {unknown}
 F - a scroll of summoning {unknown}
 M - a scroll of enchant weapon {unknown}
Potions
 h - 2 potions of curing {unknown}
 i - 4 potions of attraction {unknown}
 m - 2 potions of degeneration {unknown}
 p - 2 potions of heal wounds {unknown}
 s - a potion of mutation {unknown}
 x - 2 potions of brilliance {unknown}
 z - a potion of haste
 B - a potion of lignification {unknown}
 C - a potion of cancellation {unknown}


   Skills:
 - Level 2.6 Fighting
 + Level 7.1 Maces & Flails
 - Level 1.7 Dodging
 - Level 4.5 Stealth


You had 5 spell levels left.
You didn't know any spells.
Your spell library contained the following spells:

 Spells                   Type           Power      Damage    Failure   Level
 Ozocubu's Armour         Ice            0%         N/A       99%         3
 Stone Arrow              Conj/Erth      0%         3d7       99%         3
 Tukima's Dance           Hex            0%         N/A       99%         3
 Vhi's Electric Charge    Tloc/Air       0%         N/A       99%         3
 Animate Armour           Summ/Erth      0%         N/A       100%        4
 Passage of Golubria      Tloc           0%         N/A       100%        4
 Arcjolt                  Conj/Air       0%         1d10      100%        5
 Metabolic Englaciation   Hex/Ice        0%         N/A       100%        5
 Yara's Violent Unravell  Hex/Tmut       0%         3d3       100%        5
 Simulacrum               Ice/Necr       0%         N/A       100%        6
 Lehudib's Crystal Spear  Conj/Erth      0%         10d2      100%        8
 Maxwell's Capacitive Co  Air            0%         ∞         100%        8


Dungeon Overview and Level Annotations

Branches:
Dungeon (6/15)
 Temple: D:4-7


Innate Abilities, Weirdness & Mutations

You have an increased reservoir of magic. (+10% MP)
You shall have no god before yourself.
Your divine heritage dramatically boosts your attributes as you level up.


Message History

The gnoll is severely wounded.
The gnoll hits you with a +0 whip.
You thump the gnoll!
You kill the gnoll!
The sky beast flickers out of sight!
Deactivating autopickup; reactivate with Ctrl-A.
Something hits you. Something shocks you.
A sky beast appears from thin air!
Reactivating autopickup.
There is a stone staircase leading up here.
The sky beast flickers out of sight!
Deactivating autopickup; reactivate with Ctrl-A.
Something hits you. Something shocks you.
You climb upwards.
Reactivating autopickup.
There is a stone staircase leading down here.
Deactivating autopickup; reactivate with Ctrl-A.
You miss something. Something hits you. Something shocks you.
You barely miss something. Something hits you but does no damage.
You miss something. Something hits you. Something shocks you.
You hit something but do no damage. Something hits you. Something shocks you.
* * * LOW HITPOINT WARNING * * *
Something hits you but does no damage.
You barely miss something. Something hits you but does no damage.
You closely miss something. Something hits you but does no damage.
You hit something. Something hits you.
* * * LOW HITPOINT WARNING * * *
Something shocks you.
* * * LOW HITPOINT WARNING * * *
Unknown command.
Okay, then.
You feel yourself speed up. Something hits you but does no damage.
A sky beast appears from thin air!
Reactivating autopickup.
You sock the sky beast!
The sky beast is heavily wounded.
The sky beast hits you.
* * * LOW HITPOINT WARNING * * *
The sky beast shocks you.
You die...

#.#..#.# ##....##..# ###.....##
.###.#.## #.....#.## ###.....###
#.###'..###.......####.........#
...###....##......##.....#####.#
###+##.#...#.....#.....##### #.#
...............#......##...###.#
###.....##....#......##.....##.#
#########..........#.......#.#
##....@Y§>.#..._.....#
##....#####.......### ##.<##
##.....## #.## ##...## #.# #####
#.# #.# ###


You could see a sky beast.

Vanquished Creatures
  An ogre (D:6)
  A scorpion (D:5)
  A jelly (D:4)
  An orc priest (D:4)
  3 iguanas
  3 orc wizards
  4 adders
  4 gnolls
  A shadow imp (D:6)
  2 ufetubi
  A worm (D:2)
  2 dart slugs
  13 orcs
  10 endoplasms
  4 giant cockroaches
  5 goblins
  7 hobgoblins
  3 quokkas
  5 ball pythons
  3 bats
  2 frilled lizards
  8 kobolds
  2 rats
86 creatures vanquished.

Notes
Turn   | Place    | Note
-------+----------+-------------------------------------------
     0 | D:5      | drugrobin the Demigod Delver began the quest for the Orb.
     0 | D:5      | Reached XP level 1. HP: 18/18 MP: 3/3
   135 | D:5      | Reached skill level 2 in Maces & Flails
   168 | D:5      | Noticed an iguana
   411 | D:4      | Noticed a jelly
   674 | D:2      | Reached XP level 2. HP: 25/25 MP: 4/4
  1024 | D:1      | Reached skill level 3 in Maces & Flails
  1480 | D:1      | Reached XP level 3. HP: 30/30 MP: 5/5
  2916 | D:4      | Noticed an orc warrior
  3018 | D:3      | Reached skill level 4 in Maces & Flails
  3051 | D:3      | Reached XP level 4. HP: 30/37 MP: 6/6
  3707 | D:5      | Reached skill level 5 in Maces & Flails
  3929 | D:4      | Reached XP level 5. HP: 23/42 MP: 7/7
  4412 | D:5      | Reached skill level 6 in Maces & Flails
  4412 | D:5      | Reached XP level 6. HP: 13/50 MP: 8/8
  5267 | D:6      | Reached skill level 7 in Maces & Flails
  5496 | D:5      | Slain by a sky beast

Illustrated notes

Levels and vault maps discovered:
D:1:      minmay_arrival_split_and_join, layout_loops_cross,
          shapermc_ecumenical_altar_flowoftime, skrybe_limestone_x,
          nicolae_hexahallways
D:2:      layout_loops_ring, grunt_ministairs_2, hangedman_glass_teeth
D:3:      layout_basic, hangedman_abyss_or_decor_stabs
D:4:      layout_rooms, zin_treasury
D:5:      layout_cave_pods, lemuel_round_altar, amcnicky_altar_gilded,
          roderic_cross_of_infinity
D:6:      layout_basic

Skill      XL: |  1  2  3  4  5  6 |
---------------+-------------------+-----
Maces & Flails | 2 3 4 5 6 7 |  7.1
Fighting       | |  2.6
Dodging        | |  1.7
Stealth        | |  4.5

Action                     |  1- 3 |  4- 6 || total
---------------------------+-------+-------++-------
  Melee: Whip              |    57 |     6 ||    63
         Mace              |    68 |       ||    68
         Punch             |     3 |     1 ||     4
         Flail             |    46 |   169 ||   215
  Throw: Boomerang         |       |    18 ||    18
  Evoke: Wand              |       |     1 ||     1
    Use: Potion            |     1 |     1 ||     2
         Scroll            |       |     1 ||     1
   Stab: Distracted        |     1 |       ||     1
         Sleeping          |     8 |       ||     8
 Armour: Leather armour    |    20 |     3 ||    23
         Ring mail         |    30 |    15 ||    45
         Chain mail        |       |    63 ||    63
  Dodge: Dodged            |    94 |   107 ||   201

Table legend: (Time is in decaauts)
 A = Elapsed time spent in this place.
 B = Non-inter-level travel time spent in this place.
 C = Inter-level travel time spent in this place.
 D = Time resting spent in this place.
 E = Time spent auto-exploring this place.
 F = Levels seen in this place.
 G = Mean time per level.
                   A        B        C        D        E       F      G
               +--------+--------+--------+--------+--------+-----+--------+
         Total |   5528 |   5189 |    339 |   1046 |   2553 |   6 |  921.3 |
       Dungeon |   5528 |   5189 |    339 |   1046 |   2553 |   6 |  921.3 |
               +--------+--------+--------+--------+--------+-----+--------+

Top non-repeatable levels by time:
     D:5: 1469 daAuts
     D:4: 1014 daAuts
     D:1: 982 daAuts
     D:2: 949 daAuts
     D:3: 874 daAuts
     D:6: 239 daAuts
